 Dungeon Sprint DCSS version 0.19-a0-1065-gdac414d (webtiles) character file.

22811 Kidiri the Unseen (level 12, -8/64 HPs)
             Began as a Spriggan Enchanter on Aug 3, 2016.
             Was the Champion of Okawaru.
             Mangled by a vampire knight
             ... wielding a +1 long sword
              (21 damage)
             ... in the Dungeon (Sprint VII: "The Pits").
             The game lasted 00:27:05 (4005 turns).

Kidiri the Unseen (Spriggan Enchanter)              Turns: 4005, Time: 00:27:05

Health: -8/64      AC:  8    Str:  9    XL:     12   Next: 66%
Magic:  5/32       EV: 38    Int: 25    God:    Okawaru [******]
Gold:   14         SH:  0    Dex: 30    Spells: 5 memorised, 29 levels left

rFire  . . .     SeeInvis +     D - +3 dagger of the Shallot {speed, Dex+8}
rCold  . . .     Gourm    .     A - +2 robe {MR+}
rNeg   . . .     Faith    .     (shield restricted)
rPois  .         Spirit   .     b - +2 hat {Int+3}
rElec  .         Dismiss  .     v - +1 cloak
rCorr  .         Reflect  .     (gloves unavailable)
SustAt .         Harm     .     (boots unavailable)
MR     +++..     NoTele   +     (no amulet)
Stlth  +++++++++.               q - +3 ring of intelligence
                                p - +3 ring of dexterity

@: mighty, very quick
A: unfitting armour, see invisible, herbivore 3, speed 3, slow metabolism 2
a: Heroism, Finesse, Renounce Religion


You were in the Dungeon.
You worshipped Okawaru.
Okawaru was exalted by your worship.
You were full.

You visited 1 branch You collected 14 gold pieces.

Inventory:

Hand Weapons
 a - a +4 rapier of venom
 D - the +3 dagger of the Shallot (weapon) {speed, Dex+8}
   (You found it in the Dungeon)

   Attacks with this weapon are significantly faster.
   It affects your dexterity (+8).
Armour
 b - a +2 hat of intelligence (worn)
 v - a +1 cloak (worn)
 A - a +2 robe of magic resistance (worn)
Jewellery
 p - a +3 ring of dexterity (left hand)
 q - a +3 ring of intelligence (right hand)
 x - a +5 ring of strength
 y - an uncursed ring of protection from fire
Scrolls
 j - 3 scrolls of blinking
 m - 4 scrolls of remove curse
 n - 5 scrolls of amnesia
 o - a scroll of summoning
 w - 2 scrolls of identify
 z - a scroll of recharging
 B - a scroll of fog
 F - a scroll of fear
Potions
 e - 5 potions of curing
 f - 5 potions of heal wounds
 g - 3 potions of haste
 h - 4 potions of magic
 i - 6 potions of berserk rage
 l - 2 potions of invisibility
 r - a potion of agility
 s - 2 potions of brilliance
 t - a potion of resistance
 C - 3 potions of cure mutation
Books
 c - a book of Maledictions

   Spells                             Type                      Level
   a - Corona                         Hexes                        1
   b - Ensorcelled Hibernation        Hexes/Ice                    2
   c - Confuse                        Hexes                        3
   d - Tukima's Dance                 Hexes                        3
   e - Dazzling Spray                 Conjuration/Hexes            3
Comestibles
 d - 8 bread rations
 k - 40 fruits


   Skills:
 + Level 7.7 Fighting
 * Level 13.8 Short Blades
 + Level 7.1 Armour
 * Level 17.2 Dodging
 * Level 18.7 Stealth
 * Level 15.1 Spellcasting
 + Level 6.8 Conjurations
 + Level 11.3 Hexes
 + Level 7.8 Ice Magic
 + Level 9.2 Invocations


You had 29 spell levels left.
You knew the following spells:

 Your Spells              Type           Power        Failure   Level  Hunger
a - Corona                Hex            ######.      1%          1    None
b - Ensorcelled Hibernat  Hex/Ice        ######       1%          2    None
c - Confuse               Hex            ######..     1%          3    None
d - Tukima's Dance        Hex            ######..     1%          3    None
e - Dazzling Spray        Conj/Hex       ######       1%          3    None


Dungeon Overview and Level Annotations

Branches:
Dungeon (1/1)

Altars:
Ashenzari
Cheibriados
Dithmenos
Elyvilon
Fedhas
Gozag
Kikubaaqudgha
Makhleb
Nemelex Xobeh
Okawaru
Pakellas
Qazlal
Ru
Sif Muna
Trog
Vehumet
Xom
Yredelemnul
Zin
The Shining One
Beogh
Jiyva
Lugonu


Innate Abilities, Weirdness & Mutations

You are tiny and cannot use many weapons and most armour.
You have supernaturally acute eyesight. (SInv)
You are a herbivore.
You cover ground extremely quickly.
You need consume almost no food.


Message History

A giant eyeball comes into view.
Casting: Dazzling Spray
Confirm with . or Enter, or press ? or * to list all spells.
Okay, then.
Things that are here:
a war axe; an animal skin; a spriggan corpse
Casting: Dazzling Spray
Confirm with . or Enter, or press ? or * to list all spells.
Aiming: Dazzling Spray
Press: ? - help, Shift-Dir - straight line, f/p - spriggan druid
Aim: a spriggan druid, wielding a quarterstaff and wearing a robe (moderately wounded)
The spray of energy hits the spriggan druid.
The spriggan druid is heavily wounded.
The spriggan druid is dazzled.
The spray of energy hits the vampire knight.
The vampire knight is lightly damaged.
The harpy misses you. The harpy claws you!
* * * LOW HITPOINT WARNING * * *
The vampire knight hits you with an enchanted long sword!!
You die...

##################
#.................
#.................
#..###############
#D.##.#Y#Y#H# #Hh#H#.#.#i#
#.V'#.#)#[# #@i#G#.#)#[#
#..##.#†#.#H#
#..###############
#############.................
#__________##.................
#__________###########++######
#_#####+##############++######
#_#)))+.+%.##................#
#_#)))#.#?(##......#..#......#


You could see a five-headed hydra, a minotaur, a vampire knight (invisible), a
spriggan druid (blind), a harpy and a wolf.

Vanquished Creatures
  Donald (D)
  An eidolon (D)
  A minotaur (D)
  A hydra (D)
  A catoblepas (D)
  An alligator (D)
  A spriggan berserker (D)
  3 deep elf knights (D)
  A spriggan druid (D)
  A deep troll (D)
  2 swamp dragons (D)
  A phantasmal warrior (D)
  An orc knight (D)
  2 harpies (D)
  2 lindwurms (D)
  4 deep elf magi (D)
  A cyclops (D)
  2 griffons (D)
  A siren (D)
  Joseph (D)
  A molten gargoyle (D)
  3 kobold demonologists (D)
  A komodo dragon (D)
  2 ice devils (D)
  A polar bear (D)
  A red devil (D)
  A wandering mushroom (D)
  2 boulder beetles (D)
  A flying skull (D)
  A bog body (D)
  A snapping turtle (D)
  A redback (D)
  Sigmund (D)
  2 ynoxinuls (D)
  A wyvern (D)
  6 yaks (D)
  An air elemental (D)
  A chaos spawn (D)
  A basilisk (D)
  A water moccasin (D)
  A giant eyeball (D)
  2 swamp drakes (D)
  A wasp (D)
  2 orc warriors (D)
  A necrophage (D)
  2 ice beasts (D)
  A wolf (D)
  A centaur (D)
  A big kobold (D)
  A gnoll sergeant (D)
  An earth elemental (D)
  A killer bee (D)
  2 scorpions (D)
  A crimson imp (D)
  A hound (D)
  2 orc wizards (D)
  A worker ant (D)
  An iguana (D)
  4 sheep (D)
  A mummy (D)
  4 gnolls (D)
  An adder (D)
  A river rat (D)
  2 adder skeletons (D)
  A worm (D)
  A giant gecko (D)
  9 orcs (D)
  A ball python (D)
  A goblin (D)
  2 jackals (D)
  2 quokkas (D)
  5 kobolds (D)
  A rat (D)
118 creatures vanquished.

Vanquished Creatures (others)
  An orc sorcerer (D)
  A wyvern (D)
  A gnoll (D)
3 creatures vanquished.

Grand Total: 121 creatures vanquished

Notes
Turn   | Place    | Note
-------+----------+-------------------------------------------
     0 | D        | Kidiri the Spriggan Enchanter began the quest for the Orb.
     0 | D        | Reached XP level 1. HP: 9/9 MP: 5/5
    13 | D        | Reached skill level 5 in Stealth
    13 | D        | Reached XP level 2. HP: 14/14 MP: 7/7
    17 | D        | Learned a level 2 spell: Ensorcelled Hibernation
    49 | D        | Found a sacrificial altar of Ru.
    49 | D        | Found a basalt altar of Yredelemnul.
    49 | D        | Found a shadowy altar of Dithmenos.
    49 | D        | Found a deep blue altar of Sif Muna.
    49 | D        | Found a burning altar of Makhleb.
    49 | D        | Found a shimmering altar of Xom.
    49 | D        | Found an ancient bone altar of Kikubaaqudgha.
    49 | D        | Found a sparkling altar of Nemelex Xobeh.
    50 | D        | Found a glowing golden altar of the Shining One.
    50 | D        | Found a bloodstained altar of Trog.
    50 | D        | Found a shattered altar of Ashenzari.
    50 | D        | Found a white marble altar of Elyvilon.
    50 | D        | Found a snail-covered altar of Cheibriados.
    50 | D        | Found a blossoming altar of Fedhas.
    50 | D        | Found a radiant altar of Vehumet.
    50 | D        | Found a glowing silver altar of Zin.
    50 | D        | Found a corrupted altar of Lugonu.
    50 | D        | Found a viscous altar of Jiyva.
    50 | D        | Found a roughly hewn altar of Beogh.
    50 | D        | Found an iron altar of Okawaru.
    51 | D        | Found an oddly glowing altar of Pakellas.
    55 | D        | Found a stormy altar of Qazlal.
    56 | D        | Found an opulent altar of Gozag.
    58 | D        | Became a worshipper of Warmaster Okawaru
    81 | D        | Reached skill level 1 in Fighting
    81 | D        | Reached skill level 5 in Dodging
    81 | D        | Reached skill level 6 in Stealth
    81 | D        | Reached skill level 1 in Invocations
    81 | D        | Reached XP level 3. HP: 18/18 MP: 7/9
    91 | D        | Learned a level 3 spell: Confuse
    95 | D        | Learned a level 3 spell: Dazzling Spray
   111 | D        | Noticed an ice beast
   114 | D        | Killed an ice beast
   114 | D        | Reached skill level 1 in Armour
   114 | D        | Reached skill level 7 in Stealth
   114 | D        | Reached skill level 5 in Spellcasting
   114 | D        | Reached skill level 1 in Conjurations
   114 | D        | Reached skill level 1 in Ice Magic
   114 | D        | Reached XP level 4. HP: 23/23 MP: 10/12
   127 | D        | Reached XP level 5. HP: 26/26 MP: 3/13
   132 | D        | Learned a level 3 spell: Tukima's Dance
   260 | D        | Reached skill level 8 in Stealth
   260 | D        | Reached skill level 5 in Hexes
   454 | D        | Reached * piety under Okawaru
   564 | D        | Reached skill level 5 in Short Blades
   564 | D        | Reached skill level 9 in Stealth
   564 | D        | Reached XP level 6. HP: 32/32 MP: 14/16
   686 | D        | Noticed Joseph
   688 | D        | Killed Joseph
   688 | D        | Reached ** piety under Okawaru
   688 | D        | Reached skill level 10 in Stealth
   688 | D        | Reached XP level 7. HP: 36/36 MP: 15/19
   691 | D        | Noticed a flying skull
   698 | D        | Killed a flying skull
   698 | D        | Reached skill level 11 in Stealth
   912 | D        | Noticed a yak
   912 | D        | Noticed a yak
   912 | D        | Noticed a yak
   912 | D        | Noticed a yak
   912 | D        | Noticed a yak
   913 | D        | Noticed a yak
   914 | D        | Killed a yak
   914 | D        | Reached skill level 10 in Dodging
   914 | D        | Reached XP level 8. HP: 42/42 MP: 19/21
   918 | D        | Reached *** piety under Okawaru
   931 | D        | Reached skill level 12 in Stealth
  1200 | D        | Noticed a minotaur
  1201 | D        | Noticed a phantasmal warrior
  1213 | D        | Killed a phantasmal warrior
  1213 | D        | Reached **** piety under Okawaru
  1213 | D        | Reached skill level 10 in Spellcasting
  1213 | D        | Reached skill level 5 in Invocations
  1213 | D        | Reached XP level 9. HP: 32/46 MP: 18/24
  1223 | D        | Reached skill level 13 in Stealth
  1270 | D        | Killed a minotaur
  1427 | D        | Noticed a kobold demonologist
  1427 | D        | Noticed a kobold demonologist
  1431 | D        | Killed a kobold demonologist
  1431 | D        | Reached ***** piety under Okawaru
  1439 | D        | Reached skill level 5 in Fighting
  1439 | D        | Reached skill level 5 in Ice Magic
  1441 | D        | Killed a kobold demonologist
  1441 | D        | Reached skill level 14 in Stealth
  1448 | D        | Reached XP level 10. HP: 51/51 MP: 15/26
  1546 | D        | Noticed a spriggan druid
  1546 | D        | Noticed an orc knight
  1547 | D        | Noticed an orc sorcerer
  1548 | D        | Reached skill level 10 in Short Blades
  1555 | D        | Noticed an orange demon
  1580 | D        | Noticed a rust devil
  1580 | D        | Killed an orc knight
  1580 | D        | Reached skill level 5 in Armour
  1582 | D        | Noticed a rust devil
  1582 | D        | Killed a spriggan druid
  1582 | D        | Received a gift from Okawaru
  1583 | D        | Noticed a swamp dragon
  1584 | D        | Killed an orc sorcerer
  1607 | D        | Killed a swamp dragon
  1607 | D        | Reached skill level 15 in Stealth
  1956 | D        | Reached skill level 5 in Conjurations
  1998 | D        | Noticed a griffon
  2046 | D        | Killed a griffon
  2182 | D        | Noticed Donald
  2183 | D        | Noticed a cyclops
  2190 | D        | Killed Donald
  2190 | D        | Received a gift from Okawaru
  2190 | D        | Reached XP level 11. HP: 56/56 MP: 28/28
  2192 | D        | Reached skill level 16 in Stealth
  2443 | D        | Noticed a deep elf knight
  2443 | D        | Noticed a deep elf mage
  2443 | D        | Noticed a deep elf mage
  2443 | D        | Noticed a deep elf knight
  2443 | D        | Noticed a deep elf mage
  2443 | D        | Noticed Sigmund
  2630 | D        | Noticed a lindwurm
  2631 | D        | Noticed a deep troll
  2675 | D        | Killed a deep elf knight
  2675 | D        | Reached skill level 15 in Dodging
  2675 | D        | Reached skill level 10 in Hexes
  2745 | D        | Killed a deep troll
  2748 | D        | Killed a deep elf knight
  2974 | D        | Killed a lindwurm
  2986 | D        | Killed a deep elf mage
  2997 | D        | Killed a deep elf mage
  2997 | D        | Reached skill level 17 in Stealth
  3124 | D        | Killed a deep elf mage
  3231 | D        | Killed Sigmund
  3739 | D        | Noticed a griffon
  3741 | D        | Noticed a deep elf mage
  3746 | D        | Killed a griffon
  3749 | D        | Killed a deep elf mage
  3749 | D        | Reached XP level 12. HP: 62/62 MP: 31/31
  3931 | D        | Noticed a catoblepas
  3933 | D        | Killed a catoblepas
  3935 | D        | Noticed an eidolon
  3936 | D        | Reached skill level 18 in Stealth
  3940 | D        | Killed an eidolon
  3940 | D        | Reached ****** piety under Okawaru
  3940 | D        | Received a gift from Okawaru
  3942 | D        | Noticed a minotaur
  3946 | D        | Noticed an alligator
  3947 | D        | Got the +3 dagger of the Shallot {speed, Dex+8}
  3950 | D        | Killed an alligator
  3969 | D        | Noticed a death yak
  3978 | D        | Reached skill level 15 in Spellcasting
  3979 | D        | Noticed a five-headed hydra
  3985 | D        | Killed a five-headed hydra
  3986 | D        | Noticed a vampire knight
  4003 | D        | Noticed a five-headed hydra
  4005 | D        | Mangled by a vampire knight

Vault maps used:
D:        pitsprint

Skill      XL: |  1  2  3  4  5  6  7  8  9 10 11 12 |
---------------+-------------------------------------+-----
Stealth        | 5 6 7 9 10 11 12 14 15 17 18 | 18.7
Spellcasting   | 3 4 5 6 7 8 10 11 12 14 15 | 15.1
Hexes          | 4 5 6 7 8 9 10 11 | 11.3
Short Blades   | 2 4 5 6 7 8 9 11 12 13 | 13.8
Dodging        | 5 6 7 9 10 11 12 14 16 17 | 17.2
Fighting       | 1 2 3 4 5 6 7 |  7.7
Invocations    | 1 2 3 4 5 6 7 8 9 |  9.2
Armour         | 1 2 3 4 5 6 7 |  7.1
Conjurations   | 1 2 3 4 5 6 |  6.8
Ice Magic      | 1 2 3 4 5 6 7 |  7.8

Action                   |  1- 3 |  4- 6 |  7- 9 | 10-12 || total
-------------------------+-------+-------+-------+-------++-------
Melee: Dagger            |     7 |    23 |    23 |     9 ||    62
       Rapier            |       |       |    22 |   160 ||   182
       Punch             |       |       |       |     3 ||     3
 Cast: Dazzling Spray    |       |     4 |    10 |    62 ||    76
       Ensorcelled Hiber |       |    14 |    16 |    37 ||    67
       Confuse           |       |       |     4 |    12 ||    16
Invok: Heroism           |       |       |     2 |    10 ||    12
       Finesse           |       |       |       |     5 ||     5
  Use: Potion            |       |       |       |    14 ||    14
       Scroll            |       |       |       |     4 ||     4
 Stab: Sleeping          |     7 |    11 |    15 |    34 ||    67
       Invisible         |       |     2 |     3 |    14 ||    19
       Confused          |       |       |     6 |     4 ||    10
       Paralysed         |       |       |       |     1 ||     1
       Distracted        |       |       |       |     1 ||     1
  Eat: Bread ration      |       |       |       |     1 ||     1
Armor: Robe              |       |     1 |     3 |     9 ||    13
Dodge: Dodged            |       |    12 |    36 |   267 ||   315
